TOP OF THE 1ST |
D.C. Divided batting - Pitching for Echo Park Lakers : LHP Lance Barber
|
Pitching: LHP Lance Barber
|
|
Batting: RHB Ramón Gabriel
|
0-0: Swinging Strike 0-1: Foul Ball, location: 2F 0-2: Ball 1-2: Strikes out looking
|
Batting: RHB Peni Ferede
|
0-0: Ball 1-0: Swinging Strike 1-1: Foul Ball, location: 2F 1-2: SINGLE (Groundball, 6M, EV 98.1 MPH) (infield hit)
|
Batting: RHB Kuniyoshi Kodo
|
0-0: Ball 1-0: Swinging Strike 1-1: Ball 2-1: Grounds into double play, 6-4-3 (Groundball, 56, EV 79.4 MPH)
|
Top of the 1st over - 0 runs, 1 hit, 0 errors, 0 left on base; D.C. 0 - Echo Park 0 |
BOTTOM OF THE 1ST |
Echo Park Lakers batting - Pitching for D.C. Divided : RHP Hunter Kirkland
|
Pitching: RHP Hunter Kirkland
|
|
Batting: LHB Rafael Urrutiz
|
0-0: Foul Ball, location: 2F 0-1: Called Strike 0-2: Ball 1-2: Foul Ball, location: 2F 1-2: Ground out 3-1 (Groundball, 34S, EV 86.9 MPH)
|
Batting: RHB Karel van Capelle
|
0-0: Called Strike 0-1: Ball 1-1: Ball 2-1: Foul Ball, location: 2F 2-2: Foul Ball, location: 2F 2-2: Foul Ball, location: 2F 2-2: Ball 3-2: Ground out 6-3 (Groundball, 6, EV 85.0 MPH)
|
Batting: RHB Richard Trevithick
|
0-0: Ball 1-0: Foul Ball, location: 2F 1-1: Ball 2-1: Fly out, F3 (Popup, 3, EV 71.2 MPH)
|
Bottom of the 1st over - 0 runs, 0 hits, 0 errors, 0 left on base; D.C. 0 - Echo Park 0 |
TOP OF THE 2ND |
D.C. Divided batting - Pitching for Echo Park Lakers : LHP Lance Barber
|
Batting: RHB Layton Arntsen
|
0-0: Ground out 6-3 (Groundball, 6, EV 107.5 MPH)
|
Batting: RHB Francisco Alhama
|
0-0: Called Strike 0-1: Ball 1-1: Foul Ball, location: 2F 1-2: Foul Ball, location: 2F 1-2: Strikes out swinging
|
Batting: LHB Cho-yun Yip
|
0-0: Called Strike 0-1: Called Strike 0-2: Foul Ball, location: 2F 0-2: SOLO HOME RUN (Flyball, 9LD, EV 104.4 MPH), Distance : 399 ft
|
Batting: RHB Domingo Reyes
|
0-0: Called Strike 0-1: Swinging Strike 0-2: Ground out 4-3 (Groundball, 4, EV 107.5 MPH)
|
Top of the 2nd over - 1 run, 1 hit, 0 errors, 0 left on base; D.C. 1 - Echo Park 0 |
BOTTOM OF THE 2ND |
Echo Park Lakers batting - Pitching for D.C. Divided : RHP Hunter Kirkland
|
Batting: LHB Philip Todd
|
0-0: Foul Ball, location: 2F 0-1: Ball 1-1: Called Strike 1-2: Strikes out swinging
|
Batting: LHB Joe Schreibvogel
|
0-0: Ball 1-0: Ground out 6-3 (Groundball, 6, EV 75.6 MPH)
|
Batting: LHB Ronald Lithgoe
|
0-0: Ball 1-0: Foul Ball, location: 2F 1-1: Fly out, F7 (Flyball, 78M, EV 93.8 MPH)
|
Bottom of the 2nd over - 0 runs, 0 hits, 0 errors, 0 left on base; D.C. 1 - Echo Park 0 |
TOP OF THE 3RD |
D.C. Divided batting - Pitching for Echo Park Lakers : LHP Lance Barber
|
Batting: LHB Jorge Quilez
|
0-0: Ball 1-0: Ball 2-0: Ground out 5-3 (Groundball, 5L, EV 75.6 MPH)
|
Batting: LHB Sam Bickerton
|
0-0: Fly out, F9 (Line Drive, 9, EV 90.6 MPH)
|
Batting: RHB Ramón Gabriel
|
0-0: Ball 1-0: SINGLE (Line Drive, 3L, EV 95.6 MPH)
|
Batting: RHB Peni Ferede
|
0-0: Swinging Strike 0-1: Foul Ball, location: 2F 0-2: Ball 1-2: Ball 2-2: Fly out, F3 (Popup, 3SF, EV 74.4 MPH)
|
Top of the 3rd over - 0 runs, 1 hit, 0 errors, 1 left on base; D.C. 1 - Echo Park 0 |
BOTTOM OF THE 3RD |
Echo Park Lakers batting - Pitching for D.C. Divided : RHP Hunter Kirkland
|
Batting: LHB George Runnalls
|
0-0: Ball 1-0: Ball 2-0: SINGLE (Groundball, 4MD, EV 98.1 MPH)
|
Batting: RHB Jason Portillo
|
0-0: Grounds into double play, 4-6-3 (Groundball, 4, EV 78.8 MPH)
|
Batting: LHB Jon Kelly
|
0-0: Ball 1-0: Ball 2-0: Called Strike 2-1: Called Strike 2-2: Foul Ball, location: 2F 2-2: Ball 3-2: Base on Balls
|
Batting: LHB Rafael Urrutiz
|
0-0: Called Strike 0-1: Fly out, F8 (Flyball, 8LD, EV 98.8 MPH)
|
Bottom of the 3rd over - 0 runs, 1 hit, 0 errors, 1 left on base; D.C. 1 - Echo Park 0 |
TOP OF THE 4TH |
D.C. Divided batting - Pitching for Echo Park Lakers : LHP Lance Barber
|
Batting: RHB Kuniyoshi Kodo
|
0-0: DOUBLE (Line Drive, 7LM, EV 113.8 MPH)
|
Batting: RHB Layton Arntsen
|
0-0: Ball 1-0: Fly out, F9 (Flyball, 89S, EV 85.0 MPH)
|
Batting: RHB Francisco Alhama
|
0-0: Called Strike 0-1: Ball 1-1: Foul Ball, location: 2F 1-2: Ground out 5-3 (Groundball, 56S, EV 81.2 MPH)
|
Batting: LHB Cho-yun Yip
|
0-0: Called Strike 0-1: Foul Ball, location: 2F 0-2: Foul Ball, location: 2F 0-2: Ball 1-2: Ball 2-2: Ball 3-2: Ground out 1-3 (Groundball, 13, EV 64.4 MPH)
|
Top of the 4th over - 0 runs, 1 hit, 0 errors, 1 left on base; D.C. 1 - Echo Park 0 |
BOTTOM OF THE 4TH |
Echo Park Lakers batting - Pitching for D.C. Divided : RHP Hunter Kirkland
|
Batting: RHB Karel van Capelle
|
0-0: Ball 1-0: Foul Ball, location: 2F 1-1: Ground out 6-3 (Groundball, 6, EV 86.2 MPH)
|
Batting: RHB Richard Trevithick
|
0-0: Called Strike 0-1: Called Strike 0-2: Strikes out looking
|
Batting: LHB Philip Todd
|
0-0: SOLO HOME RUN (Flyball, 7D, EV 99.4 MPH), Distance : 384 ft
|
Batting: LHB Joe Schreibvogel
|
0-0: Called Strike 0-1: Foul Ball, location: 2F 0-2: Strikes out swinging
|
Bottom of the 4th over - 1 run, 1 hit, 0 errors, 0 left on base; D.C. 1 - Echo Park 1 |
TOP OF THE 5TH |
D.C. Divided batting - Pitching for Echo Park Lakers : LHP Lance Barber
|
Batting: RHB Domingo Reyes
|
0-0: Ball 1-0: Foul Ball, location: 2F 1-1: Foul Ball, location: 2F 1-2: Fly out, F7 (Flyball, 7S, EV 79.4 MPH)
|
Batting: LHB Jorge Quilez
|
0-0: Foul Ball, location: 2F 0-1: Ball 1-1: Foul Ball, location: 2F 1-2: Strikes out swinging
|
Batting: LHB Sam Bickerton
|
0-0: Ball 1-0: Foul Ball, location: 2F 1-1: Ball 2-1: SINGLE (Groundball, 4S, EV 73.8 MPH) (infield hit)
|
Batting: RHB Ramón Gabriel
|
0-0: Called Strike Sam Bickerton steals 2nd base 0-1: Swinging Strike 0-2: Foul Ball, location: 2F 0-2: Ball 1-2: Ball 2-2: Ground out 4-3 (Groundball, 4, EV 100.6 MPH)
|
Top of the 5th over - 0 runs, 1 hit, 0 errors, 1 left on base; D.C. 1 - Echo Park 1 |
BOTTOM OF THE 5TH |
Echo Park Lakers batting - Pitching for D.C. Divided : RHP Hunter Kirkland
|
Batting: LHB Ronald Lithgoe
|
0-0: Ball 1-0: Called Strike 1-1: Ball 2-1: Foul Ball, location: 2F 2-2: Ball 3-2: Strikes out swinging
|
Batting: LHB George Runnalls
|
0-0: Foul Ball, location: 2F 0-1: Hit by Pitch
|
Batting: RHB Jason Portillo
|
0-0: Ball 1-0: Ball 2-0: Grounds into double play, 6-4-3 (Groundball, 6D, EV 107.5 MPH)
|
Bottom of the 5th over - 0 runs, 0 hits, 0 errors, 0 left on base; D.C. 1 - Echo Park 1 |
TOP OF THE 6TH |
D.C. Divided batting - Pitching for Echo Park Lakers : LHP Lance Barber
|
Batting: RHB Peni Ferede
|
0-0: Ball 1-0: Ground out 6-3 (Groundball, 6, EV 111.2 MPH)
|
Batting: RHB Kuniyoshi Kodo
|
0-0: Called Strike 0-1: Ball 1-1: Foul Ball, location: 2F 1-2: Foul Ball, location: 2F 1-2: SINGLE (Groundball, 6MD, EV 98.8 MPH)
|
Batting: RHB Layton Arntsen
|
0-0: Ball 1-0: Ball 2-0: Fly out, F8 (Line Drive, 8RM, EV 101.2 MPH)
|
Batting: RHB Francisco Alhama
|
0-0: Foul Ball, location: 2F 0-1: Called Strike 0-2: Strikes out looking
|
Top of the 6th over - 0 runs, 1 hit, 0 errors, 1 left on base; D.C. 1 - Echo Park 1 |
BOTTOM OF THE 6TH |
Echo Park Lakers batting - Pitching for D.C. Divided : RHP Hunter Kirkland
|
Batting: LHB Jon Kelly
|
0-0: Ball 1-0: Ball 2-0: Ball 3-0: Called Strike 3-1: Called Strike 3-2: Fly out, F6 (Popup, 6M, EV 56.2 MPH)
|
Batting: LHB Rafael Urrutiz
|
0-0: Ground out 5-3 (Groundball, 56S, EV 78.8 MPH)
|
Batting: RHB Karel van Capelle
|
0-0: Called Strike 0-1: Ball 1-1: Ball 2-1: Ball 3-1: Base on Balls
|
Batting: RHB Richard Trevithick
|
0-0: Ball Karel van Capelle steals 2nd base 1-0: Called Strike 1-1: 2-RUN HOME RUN (Flyball, 89XD, EV 106.9 MPH), Distance : 409 ft
|
Batting: LHB Philip Todd
|
0-0: Called Strike 0-1: Foul Ball, location: 2F 0-2: Foul Ball, location: 2F 0-2: Ball 1-2: Ball 2-2: Foul Ball, location: 2F 2-2: Foul Ball, location: 2F 2-2: Strikes out swinging
|
Bottom of the 6th over - 2 runs, 1 hit, 0 errors, 0 left on base; D.C. 1 - Echo Park 3 |
TOP OF THE 7TH |
D.C. Divided batting - Pitching for Echo Park Lakers : LHP Lance Barber
|
Batting: LHB Cho-yun Yip
|
0-0: SINGLE (Line Drive, 7LS, EV 105.0 MPH)
|
Batting: RHB Domingo Reyes
|
0-0: SINGLE (Flyball, 5D, EV 84.4 MPH) Cho-yun Yip to second
|
Pitching: LHP Zhao-hui Teng
|
|
Batting: LHB Jorge Quilez
|
0-0: Sac Bunt to 15 - play at first, batter OUT! 1-3 Cho-yun Yip to third Domingo Reyes to second
|
Batting: LHB Sam Bickerton
|
0-0: Called Strike 0-1: Ball 1-1: Foul Ball, location: 2F 1-2: Strikes out swinging
|
Batting: RHB Ramón Gabriel
|
0-0: Ball 1-0: Ball 2-0: Fly out, F4 (Popup, 23, EV 80.6 MPH)
|
Top of the 7th over - 0 runs, 2 hits, 0 errors, 2 left on base; D.C. 1 - Echo Park 3 |
BOTTOM OF THE 7TH |
Echo Park Lakers batting - Pitching for D.C. Divided : RHP Hunter Kirkland
|
Pitching: LHP Hank Lynn
|
|
Batting: RHB Joe Mueller
|
0-0: Ball 1-0: Swinging Strike 1-1: Foul Ball, location: 2F 1-2: Strikes out swinging
|
Batting: LHB Ronald Lithgoe
|
0-0: Fly out, F8 (Line Drive, 8RD, EV 88.1 MPH)
|
Batting: LHB George Runnalls
|
0-0: Foul Ball, location: 2F 0-1: Swinging Strike 0-2: Foul Ball, location: 2F 0-2: Ball 1-2: SINGLE (Flyball, 8LS, EV 93.8 MPH)
|
Batting: RHB Jason Portillo
|
0-0: Called Strike 0-1: Called Strike 0-2: Fly out, F8 (Flyball, 8LM, EV 95.0 MPH)
|
Bottom of the 7th over - 0 runs, 1 hit, 0 errors, 1 left on base; D.C. 1 - Echo Park 3 |
TOP OF THE 8TH |
D.C. Divided batting - Pitching for Echo Park Lakers : LHP Zhao-hui Teng
|
Batting: RHB Peni Ferede
|
0-0: Swinging Strike 0-1: SINGLE (Groundball, 56D, EV 106.2 MPH)
|
Batting: RHB Kuniyoshi Kodo
|
0-0: Ball 1-0: Ball 2-0: DOUBLE (Flyball, 89D, EV 109.4 MPH) Peni Ferede to third
|
Pitching: RHP Dave Newman
|
|
Batting: RHB Layton Arntsen
|
0-0: Ball 1-0: Foul Ball, location: 2F 1-1: Foul Ball, location: 2F 1-2: Ball 2-2: Strikes out looking
|
Pinch Hitting: LHB Enrique Emperador
|
0-0: Ball 1-0: Ball 2-0: Called Strike 2-1: Foul Ball, location: 2F 2-2: Ground out 6-3 (Groundball, 6, EV 87.5 MPH) Peni Ferede scores
|
Batting: LHB Cho-yun Yip
|
0-0: Foul Ball, location: 2F 0-1: Called Strike 0-2: Ball 1-2: Strikes out swinging
|
Top of the 8th over - 1 run, 2 hits, 0 errors, 1 left on base; D.C. 2 - Echo Park 3 |
BOTTOM OF THE 8TH |
Echo Park Lakers batting - Pitching for D.C. Divided : LHP Hank Lynn
|
Now at SS: Paul Marchand
|
|
Pinch Hitting: RHB Jochen Nelis
|
0-0: Called Strike 0-1: Ball 1-1: Ball 2-1: Foul Ball, location: 2F 2-2: Ground out 3-1 (Groundball, 34S, EV 80.6 MPH)
|
Batting: LHB Rafael Urrutiz
|
0-0: Ground out 5-3 (Groundball, 56S, EV 76.9 MPH)
|
Batting: RHB Karel van Capelle
|
0-0: Called Strike 0-1: Ball 1-1: Ball 2-1: Ground out 5-3 (Groundball, 56, EV 91.2 MPH)
|
Bottom of the 8th over - 0 runs, 0 hits, 0 errors, 0 left on base; D.C. 2 - Echo Park 3 |
TOP OF THE 9TH |
D.C. Divided batting - Pitching for Echo Park Lakers : RHP Dave Newman
|
Pitching: LHP Amberlan Romubio
|
|
Now at 2B: Jochen Nelis
|
|
Batting: RHB Domingo Reyes
|
0-0: Ball 1-0: Foul Ball, location: 2F 1-1: Ball 2-1: Called Strike 2-2: Fly out, F9 (Line Drive, 9D, EV 96.9 MPH)
|
Pitching: LHP Ales Kretky
|
|
Batting: LHB Jorge Quilez
|
0-0: Called Strike 0-1: Swinging Strike 0-2: Ground out 4-3 (Groundball, 4, EV 83.8 MPH)
|
Batting: LHB Sam Bickerton
|
0-0: Ball 1-0: Called Strike 1-1: Foul Ball, location: 2F 1-2: Fly out, F9 (Flyball, 9, EV 93.1 MPH)
|
Top of the 9th over - 0 runs, 0 hits, 0 errors, 0 left on base; D.C. 2 - Echo Park 3 |
|